 Dungeon Crawl Stone Soup version 0.20.1-1-g8b1a95d (webtiles) character file.

26781 HammerPanzer the Bludgeoner (level 13, -4/109 HPs)
             Began as a Demonspawn Berserker on Oct 27, 2017.
             Was the Champion of Trog.
             Slain by an orc warlord
             ... wielding a +0 war axe
              (13 damage)
             ... on level 2 of the Orcish Mines.
             The game lasted 01:00:56 (14310 turns).

HammerPanzer the Bludgeoner (Demonspawn Berserker) Turns: 14310, Time: 01:00:56

Health: -4/109     AC: 22    Str: 24    XL:     13   Next: 0%
Magic:  0/13       EV:  7    Int:  8    God:    Trog [******]
Gold:   909        SH:  0    Dex: 12    Spells: 12/12 levels left

rFire    x . .     SeeInvis .   W - +1 dire flail (drain)
rCold    + . .     Gourm    .   (shield currently unavailable)
rNeg     . . .     Faith    .   I - +4 plate armour {MR+}
rPois    .         Spirit   +   r - +1 helmet
rElec    .         Reflect  .   (no cloak)
rCorr    +         Harm     .   (no gloves)
MR       +....                  (boots unavailable)
Stlth    ..........             u - amulet of guardian spirit
Regen    0.3/turn               a - ring of ice
MPRegen  0.3/turn               J - ring of resist corrosion

@: sanguine armour, berserk cooldown
A: hooves 3, magic shield, magic regeneration, rot immunity, sanguine armour 1
a: Berserk, Trog's Hand, Brothers in Arms, Burn Spellbooks, Renounce Religion


You were on level 2 of the Orcish Mines.
You worshipped Trog.
Trog was exalted by your worship.
You were hungry.

You visited 2 branches of the dungeon, and saw 12 of its levels.
You also visited: Sewer and Ice Cave.

You collected 1283 gold pieces.
You spent 374 gold pieces at shops.

Inventory:

Hand Weapons
 K - a +4 great mace of protection
 O - a +5 morningstar of freezing
 U - a +2 battleaxe of freezing
 V - a +0 battleaxe of freezing
 W - a +1 dire flail of draining (weapon)
 X - a +2 dire flail of crushing
Missiles
 n - 20 poisoned needles (quivered)
 F - 7 needles of sleeping
Armour
 f - a +0 shield
 r - a +1 helmet (worn)
 B - a +0 ring mail of poison resistance
 I - a +4 plate armour of magic resistance (worn)
 S - a +3 chain mail
 T - a +1 plate armour of fire resistance
 Y - a +0 pair of gloves of dexterity
 Z - a +3 chain mail of fire resistance
Jewellery
 a - a ring of ice (left hand)
 o - an uncursed ring of positive energy
 u - an amulet of guardian spirit (around neck)
 E - an uncursed ring of poison resistance
 J - a ring of resist corrosion (right hand)
Wands
 m - a wand of flame (9/48)
 t - a wand of disintegration (18/24)
 x - a wand of paralysis (14/24)
 C - a wand of disintegration (13/24)
 M - a wand of polymorph (10/24)
 N - a wand of polymorph (14/24)
 P - a wand of iceblast (9/15)
 Q - a wand of confusion (15/48)
 R - a wand of confusion (31/48)
Scrolls
 b - 2 scrolls of fear {unknown}
 d - 8 scrolls of remove curse
 e - 3 scrolls of recharging
 j - 2 scrolls of immolation {unknown}
 k - a scroll of enchant weapon {unknown}
 y - a scroll of enchant armour
 L - a scroll of amnesia {unknown}
Potions
 h - a potion of invisibility {unknown}
 i - 2 potions of berserk rage
 p - 6 potions of curing
 s - a potion of might {unknown}
 v - 2 potions of ambrosia {unknown}
 w - a potion of lignification {unknown}
 z - 2 potions of mutation {unknown}
 A - a potion of brilliance {unknown}
 D - a potion of resistance {unknown}
 G - a potion of agility {unknown}
Comestibles
 c - 2 bread rations
 g - 17 chunks of flesh
 l - a royal jelly
 H - 2 meat rations


   Skills:
 + Level 12.7 Fighting
 * Level 16.0 Maces & Flails
 - Level 1.7 Armour
 - Level 1.8 Dodging


You had 12 spell levels left.
You didn't know any spells.

Dungeon Overview and Level Annotations

Branches:
Dungeon (10/15)            Temple (0/1) D:4             Orc (2/2) D:9
    Elf (0/3) Orc:2
   Lair: D:8-11

Altars:
Dithmenos
Hepliaklqana
Kikubaaqudgha
Makhleb
Qazlal
Trog
Vehumet
Xom
Yredelemnul
Zin
Beogh

Shops:
Orc:2 [


Innate Abilities, Weirdness & Mutations

You have hooves in place of feet.
When hurt, damage is shared between your health and your magic reserves.
You regenerate magic rapidly.
You are immune to rotting.
When seriously injured, your bleeding wounds create armour. (AC +6)


Message History

You drain the orc warrior! Your kick misses the orc warrior.
The orc warrior is lightly wounded.
You hit the orc sorcerer but do no damage.
You drain the orc sorcerer! You kick the orc sorcerer!
The orc sorcerer is moderately wounded.
You feel yourself speed up.
The orc warrior complains loudly.
The orc warrior hits you from afar with a halberd!
* * * LOW HITPOINT WARNING * * *
The orc warrior hits you but does no damage.
The orc wizard looks encouraged for a moment.
You closely miss the orc warlord.
The orc warrior no longer looks unusually strong.
The orc wizard casts a cantrip, but nothing happens.
The orc warrior closely misses you.
The orc warrior hits you but does no damage.
You puncture the orc warlord!
The orc warlord is lightly wounded.
The orc warlord hits you with a war axe!
You die...

.......<............#......#
....................#....#.#
.................#.##......#
#o
..................o[...#.#.#
#o
..................))..##.#.#
#.
..#####....................#
+o .# ##..........)o.......#
#o #.....#####)ooo.#...# ##.
#.....#..@ooo.o..##.## #8)
#.....#.8o#o..#o##..(###.)
##.....#...#..o.......o.##'
#.....)#####..#.......#.o.o
..........))).##......####o8
........<.#)#####......##.#.
..........### #####.......
...........# #.....#.
..........## ##....#.


You could see an orc warlord, 4 orc warriors, 2 orc wizards and 5 orcs.

Vanquished Creatures
  A frost giant (IceCv)
  The ghost of bmj180 the Cleaver, a journeyman HOFi of Okawaru (IceCv)
  2 two-headed ogres
  An orc high priest (Orc:2)
  A death yak (IceCv)
  Pikel (D:5)
  2 orc knights
  3 orc sorcerers
  A cyclops (Orc:2)
  An ice statue (IceCv)
  2 rime drakes (IceCv)
  11 polar bears (IceCv)
  The ghost of khekkus the Summoner, a novice DESu (D:6)
  The ghost of vineage the Carver, an amateur MiBe of Trog (D:4)
  3 trolls
  Prince Ribbit (D:6)
  2 hippogriffs
  30 yaks
  A wyvern (D:8)
  A steam dragon (D:8)
  A hungry ghost (D:8)
  3 wargs
  Duvessa (D:7)
  32 orc warriors
  3 phantoms
  3 ice beasts
  10 wolves (IceCv)
  A sky beast (D:8)
  The ghost of HammerPanzer the Cudgeler, an amateur DsBe of Trog (D:3)
  5 centaurs
  8 ogres
  3 big kobolds (D:8)
  A bullfrog (D:9)
  3 gnoll sergeants
  2 scorpions
  Dowan (D:7)
  11 wights
  3 howler monkeys
  A crimson imp (D:4)
  A bullfrog zombie (D:5)
  A quasit (D:6)
  Crazy Yiuf (D:4)
  21 orc priests
  A bullfrog skeleton (D:4)
  8 hounds
  5 iguanas
  Ijyb (D:3)
  5 worker ants
  31 orc wizards
  A hound skeleton (D:4)
  16 gnolls
  A howler monkey skeleton (D:6)
  7 adders
  3 shadow imps
  14 oozes (Sewer)
  An adder zombie (D:8)
  An adder skeleton (D:7)
  A dart slug (D:1)
  8 worms
  16 leopard geckos
  104 orcs
  23 giant cockroaches
  8 goblins
  13 hobgoblins
  4 jackals
  20 kobolds
  3 quokkas
  13 ball pythons
  5 bats
  18 frilled lizards
  A jackal skeleton (D:6)
  7 rats
  A fungus (D:4)
  A plant (D:8)
525 creatures vanquished.

Vanquished Creatures (others)
  An ogre (D:5)
  An adder (D:5)
  An orc (D:5)
3 creatures vanquished.

Grand Total: 528 creatures vanquished

Notes
Turn   | Place    | Note
-------+----------+-------------------------------------------
     0 | D:1      | HammerPanzer the Demonspawn Berserker began the quest for the Orb.
     0 | D:1      | Reached XP level 1. HP: 18/18 MP: 1/1
   213 | D:1      | Reached skill level 3 in Maces & Flails
   233 | D:1      | Gained mutation: When hurt, damage is shared between your health and your magic reserves. [demonic ancestry]
   233 | D:1      | Reached XP level 2. HP: 16/24 MP: 2/2
   493 | D:1      | You fall through a shaft!
  1130 | D:2      | Gained mutation: You are immune to rotting. [demonic ancestry]
  1130 | D:2      | Reached XP level 3. HP: 29/29 MP: 3/3
  1351 | D:2      | HP: 1/29 [gnoll/halberd (6)]
  1354 | D:2      | Reached ** piety under Trog
  1354 | D:2      | Gained mutation: You regenerate magic rapidly. [demonic ancestry]
  1354 | D:2      | Reached XP level 4. HP: 2/37 MP: 0/4
  1684 | D:2      | Found a stormy altar of Qazlal.
  1702 | D:2      | Reached skill level 4 in Maces & Flails
  2095 | D:2      | Found a radiant altar of Vehumet.
  2381 | D:3      | Noticed HammerPanzer's ghost (amateur DsBe)
  2386 | D:4      | Noticed an ice beast
  2415 | D:4      | Killed an ice beast
  2415 | D:4      | Gained mutation: You have large cloven feet. [demonic ancestry]
  2415 | D:4      | Reached XP level 5. HP: 26/43 MP: 2/5
  2477 | D:4      | Found a glowing drain.
  2535 | Sewer    | Entered a sewer
  2543 | Sewer    | Reached skill level 5 in Maces & Flails
  2971 | Sewer    | Gained mutation: When seriously injured, your bleeding wounds create armour. (AC +6) [demonic ancestry]
  2971 | Sewer    | Reached XP level 6. HP: 42/49 MP: 6/6
  2990 | Sewer    | Reached *** piety under Trog
  3321 | Sewer    | Received a gift from Trog
  3324 | Sewer    | Reached **** piety under Trog
  3447 | D:4      | Noticed vineage's ghost (amateur MiBe)
  3593 | D:4      | Reached skill level 6 in Maces & Flails
  3609 | D:4      | Killed vineage's ghost
  3609 | D:4      | Reached skill level 5 in Fighting
  3609 | D:4      | Gained mutation: You have hoof-like feet. [demonic ancestry]
  3609 | D:4      | Reached XP level 7. HP: 56/56 MP: 4/7
  3693 | D:4      | Found a staircase to the Ecumenical Temple.
  3863 | D:4      | Reached skill level 7 in Maces & Flails
  3960 | D:3      | Killed HammerPanzer's ghost
  4224 | D:3      | Noticed Ijyb
  4232 | D:3      | Paralysed by Ijyb for 2 turns
  4238 | D:3      | Killed Ijyb
  4266 | D:3      | Noticed a moth of wrath
  4291 | D:3      | Found a bloodstained altar of Trog.
  4569 | D:4      | Reached XP level 8. HP: 30/64 MP: 2/8
  4858 | D:5      | Entered Level 5 of the Dungeon
  5404 | D:4      | Found a runed door.
  5408 | D:4      | Noticed Crazy Yiuf
  5413 | D:4      | Killed Crazy Yiuf
  5413 | D:4      | Reached skill level 8 in Maces & Flails
  5531 | D:6      | Noticed khekkus's ghost (novice DESu)
  5624 | D:5      | Noticed Pikel
  5632 | D:5      | Killed Pikel
  5632 | D:5      | Reached skill level 9 in Maces & Flails
  5997 | D:5      | Found a glowing silver altar of Zin.
  5999 | D:5      | Noticed an angel
  6009 | D:5      | Found a shadowy altar of Dithmenos.
  6011 | D:5      | Found a shimmering altar of Xom.
  6014 | D:5      | Gained mutation: You have hooves in place of feet. [demonic ancestry]
  6014 | D:5      | Reached XP level 9. HP: 72/72 MP: 9/9
  6997 | D:6      | Killed khekkus's ghost
  7060 | D:6      | Reached ***** piety under Trog
  7211 | D:6      | Reached skill level 10 in Maces & Flails
  7441 | D:7      | Noticed Duvessa
  7584 | D:6      | Found a basalt altar of Yredelemnul.
  7669 | D:6      | Noticed Prince Ribbit
  7680 | D:6      | Killed Prince Ribbit
  7965 | D:7      | Reached skill level 11 in Maces & Flails
  7968 | D:7      | Reached XP level 10. HP: 82/82 MP: 7/10
  8109 | D:7      | Noticed Dowan
  8117 | D:7      | Killed Dowan
  8145 | D:7      | Killed Duvessa
  9083 | D:8      | Reached skill level 12 in Maces & Flails
  9700 | D:8      | Received a gift from Trog
 10048 | D:9      | Reached ****** piety under Trog
 10137 | D:10     | Entered Level 10 of the Dungeon
 10147 | D:9      | Found a burning altar of Makhleb.
 10528 | D:9      | Reached skill level 10 in Fighting
 10664 | D:9      | Noticed a two-headed ogre
 10671 | D:9      | Killed a two-headed ogre
 10671 | D:9      | Reached XP level 11. HP: 90/90 MP: 9/11
 10734 | D:9      | Found an ancient bone altar of Kikubaaqudgha.
 10818 | D:9      | Found a hazy altar of Hepliaklqana.
 10869 | D:9      | Reached skill level 13 in Maces & Flails
 10936 | D:9      | Found a staircase to the Orcish Mines.
 10950 | Orc:1    | Entered Level 1 of the Orcish Mines
 10950 | Orc:1    | Noticed an orc knight
 10959 | Orc:1    | Killed an orc knight
 11111 | Orc:2    | Entered Level 2 of the Orcish Mines
 11187 | Orc:2    | Found a staircase to the Elven Halls.
 11200 | Orc:1    | Noticed an orc sorcerer
 11206 | Orc:1    | Killed an orc sorcerer
 11344 | Orc:1    | Received a gift from Trog
 11450 | Orc:1    | Noticed an orc sorcerer
 11472 | Orc:1    | Killed an orc sorcerer
 11542 | Orc:1    | Found a frozen archway.
 11583 | IceCv    | Entered an ice cave
 11851 | IceCv    | Noticed bmj180's ghost (journeyman HOFi)
 11863 | IceCv    | Killed bmj180's ghost
 11863 | IceCv    | Reached skill level 14 in Maces & Flails
 12218 | IceCv    | Reached XP level 12. HP: 86/100 MP: 9/12
 12579 | IceCv    | Noticed a death yak
 12589 | IceCv    | Killed a death yak
 12717 | IceCv    | Noticed a frost giant
 12730 | IceCv    | Killed a frost giant
 12730 | IceCv    | Reached skill level 15 in Maces & Flails
 12739 | IceCv    | Received a gift from Trog
 13273 | Orc:2    | Noticed a two-headed ogre
 13282 | Orc:2    | Killed a two-headed ogre
 13913 | Orc:2    | Received a gift from Trog
 14189 | Orc:2    | Found a roughly hewn altar of Beogh.
 14193 | Orc:2    | Noticed an orc high priest
 14203 | Orc:2    | Killed an orc high priest
 14203 | Orc:2    | Reached skill level 16 in Maces & Flails
 14206 | Orc:2    | Found Emimna's Antique Armour Shoppe.
 14225 | Orc:2    | Bought a pair of runed gloves for 187 gold pieces
 14225 | Orc:2    | Bought a runed chain mail for 187 gold pieces
 14277 | Orc:2    | Noticed an orc warlord
 14281 | Orc:2    | Reached XP level 13. HP: 103/109 MP: 8/13
 14310 | Orc:2    | Slain by an orc warlord

Skill      XL: |  1  2  3  4  5  6  7  8  9 10 11 12 |
---------------+-------------------------------------+-----
Maces & Flails | 3 4 5 6 7 9 11 12 14 16 | 16.0
Fighting       | 4 5 6 7 8 10 11 12 | 12.7
Armour         | |  1.7
Dodging        | |  1.8

Action                   |  1- 3 |  4- 6 |  7- 9 | 10-12 | 13-15 || total
-------------------------+-------+-------+-------+-------+-------++-------
Melee: Mace              |    94 |   326 |   120 |       |       ||   540
       Kick              |       |    43 |   116 |   213 |     1 ||   373
       Flail             |       |       |    66 |       |       ||    66
       Whip              |       |       |   183 |   106 |       ||   289
       Morningstar       |       |       |       |   231 |       ||   231
       Great mace        |       |       |       |   354 |       ||   354
       Dire flail        |       |       |       |    37 |     8 ||    45
Invok: Berserk           |     2 |     8 |    15 |    32 |       ||    57
       Burn Spellbooks   |       |       |     1 |     3 |       ||     4
Evoke: Wand              |       |       |       |     1 |       ||     1
  Use: Scroll            |       |    10 |     1 |     4 |       ||    15
       Potion            |       |       |       |     2 |     2 ||     4
  Eat: Chunk             |     2 |     9 |    27 |    50 |       ||    88
       Bread ration      |       |     1 |       |     1 |       ||     2
       Royal jelly       |       |     1 |       |       |       ||     1
       Fruit             |       |       |     1 |       |       ||     1
Armor: Ring mail         |    36 |   162 |   114 |       |       ||   312
       Plate armour      |       |       |    11 |   519 |    11 ||   541
Dodge: Dodged            |    79 |   225 |   148 |   197 |     5 ||   654
Block: Shield            |       |       |     9 |   143 |       ||   152
